 Dungeon Crawl Stone Soup version 0.31-a0-229-g1fc7ce93e2 (webtiles) character file.

Game seed: 16863510687749821884

2029 bmack86 the Cleaver (level 9, 0/106 HPs)
             Began as a Minotaur Fighter on July 7, 2023.
             Was an Elder of Trog.
             Killed from afar by Maurice (8 damage)
             ... with an iceblast
             ... on level 8 of the Dungeon.
             The game lasted 00:15:03 (5234 turns).

bmack86 the Cleaver (Minotaur Fighter)              Turns: 5234, Time: 00:15:04

Health: 0/106      AC: 16    Str: 25    XL:     9   Next: 3%
Magic:  8/8        EV: 13    Int:  5    God:    Trog [****..]
Gold:   257        SH:  9    Dex: 10    Spells: 8/8 levels left

rFire   + . .        a - +1 war axe
rCold   x . .        c - +0 buckler
rNeg    + + .        x - +1 chain mail {rF+}
rPois   .            (helmet restricted)
rElec   .            k - +2 cloak "Bigg" {Rampage +Inv rC- rN++}
rCorr   .            i - +2 pair of gloves
SInv    .            (no boots)
Will    .....        l - amulet of reflection Stlth
                     p - +5 ring of evasion
HPRegen 0.37/turn    (no ring)
MPRegen 0.11/turn

%: reflection, rampage
@: berserking, very quick
A: horns 2, retaliatory headbutt
a: Renounce Religion, Evoke Invisibility, Berserk, Trog's Hand, Brothers in Arms


You were on level 8 of the Dungeon.
You worshipped Trog.
Trog was greatly pleased with you.
You visited 2 branches of the dungeon, and saw 8 of its levels.
You also visited: Sewer.

You collected 257 gold pieces.

Inventory:

Hand Weapons
 a - a +1 war axe (weapon)
Missiles
 f - 10 poisoned darts (quivered)
 n - 2 boomerangs
Armour
 b - a +0 scale mail
 c - a +0 buckler (worn)
 i - a +2 pair of gloves (worn)
 k - the +2 cloak "Bigg" (worn) {Rampage +Inv rC- rN++}
   (You found it on level 2 of the Dungeon)

   rC:        It makes you vulnerable to cold.
   rN:        It greatly protects you from negative energy.
   +Inv:      It lets you turn invisible.
   Rampage:   It bestows one free step when moving towards enemies.
 x - a +1 chain mail of fire resistance (worn)
 F - a +0 plate armour
Jewellery
 l - an amulet of reflection (around neck)
 p - a +5 ring of evasion (left hand)
Wands
 s - a wand of mindburst (10)
 y - a wand of polymorph (11)
 z - a wand of charming (6)
Scrolls
 o - a scroll of acquirement {unknown}
 u - a scroll of blinking
 B - 2 scrolls of teleportation
Potions
 d - a potion of might
 e - a potion of haste
 g - 3 potions of heal wounds
 j - a potion of brilliance
 m - a potion of cancellation
 r - 3 potions of enlightenment
 t - a potion of invisibility
 v - a potion of magic
 A - a potion of attraction
 C - a potion of curing


   Skills:
 * Level 3.7 Fighting
 - Level 14.0 Axes
 + Level 3.6 Armour
 + Level 3.6 Shields


You had 8 spell levels left.
You didn't know any spells.
Your spell library contained the following spells:

 Spells                   Type           Power      Damage    Failure   Level
 Sublimation of Blood     Necr           0%         N/A       99%         2
 Petrify                  Tmut/Erth      0%         N/A       100%        4
 Irradiate                Conj/Tmut      0%         3d11      100%        5


Dungeon Overview and Level Annotations

Branches:
Dungeon (6/15)             Temple (1/1) D:5           Sewer (visited)

Altars:
Ashenzari
Cheibriados
Dithmenos
Elyvilon
Gozag
Hepliaklqana
Kikubaaqudgha
Makhleb
Nemelex Xobeh
Okawaru
Qazlal
Trog
Uskayaw
Vehumet
Wu Jian
Xom
Yredelemnul
Zin

Annotations:
D:2 1 runed translucent door, Crazy Yiuf
D:8 Maurice, Psyche


Innate Abilities, Weirdness & Mutations

You have a pair of horns on your head.
You reflexively headbutt those who attack you in melee.


Message History

The mass of ice explodes!
The iceblast engulfs you but does no damage.
The iceblast engulfs something!
You hear a shout!
You miss something. Your headbutt misses something. Something hits you.
Something barely misses you.
Unknown command.
You miss something. You hit something but do no damage. Something hits you.
Something steals your scroll of enchant weapon!
Something hits you but does no damage. Space warps around you!
Unknown command.
You hit something. You slash something! Something hits you.
* * * LOW HITPOINT WARNING * * *
Something steals your curare-tipped dart!
Something barely misses you. Something hits you.
* * * LOW HITPOINT WARNING * * *
Something steals your ring of fire!
You closely miss something. Your headbutt misses something.
You slash something! Something hits you but does no damage.
Space warps horribly around you!
* * * LOW HITPOINT WARNING * * *
Something barely misses you.
Unknown command.
You closely miss something. You hit something.
You hear some strange, mumbled words.
Something tries to affect you, but you resist.
An orc priest comes into view. It is wielding a +0 hand axe.
Something hits you but does no damage.
A red film seems to cover your vision as you go berserk!
You feel yourself moving faster!
You feel mighty! Something hits you but does no damage. Something hits you.
* * * LOW HITPOINT WARNING * * *
Something steals 45 gold pieces!
You now have 257 gold pieces.
Something hits you but does no damage.
You barely miss something. Your headbutt misses something.
You barely miss something. Something hits you but does no damage.
You hear a zap.
An iceblast appears from out of thin air!
The mass of ice explodes!
The iceblast engulfs you!
You feel a painful chill!
You die...

.....
######...).
##.....o<.[.
.........#.
#..........
#####...>......
........).....#
#...{# ##.#
.....##@# #....
... #{# #.... .
###.####@..# .
#...#(....##.#
###.###.........
#...###.........
#.............#
#...........###
#...........#


You could see an orc priest.

Vanquished Creatures
  Sigmund (D:3)
  Edmund (D:5)
  Menkaure (D:5)
  Duvessa (D:4)
  An orc warrior (D:6)
  2 phantoms
  A kobold brigand (Sewer)
  2 bullfrogs
  4 scorpions
  Dowan (D:4)
  A gnoll bouda (D:5)
  An orc priest (D:5)
  3 hounds
  2 jellies (D:6)
  Natasha (thrice) (D:4)
  2 sleepcaps (D:5)
  6 orc wizards
  4 gnolls (D:5)
  12 adders
  2 river rats (Sewer)
  A shadow imp (D:5)
  A white imp (D:6)
  7 worms
  4 dart slugs
  10 orcs
  15 ball pythons
  4 endoplasms
  8 giant cockroaches
  5 hobgoblins
  3 jackals
  13 kobolds
  4 quokkas
  9 bats
  9 frilled lizards
  7 goblins
  10 rats
161 creatures vanquished.

Vanquished Creatures (others)
  An orc wizard (D:5)
1 creature vanquished.

Grand Total: 162 creatures vanquished

Notes
Turn   | Place    | Note
-------+----------+-------------------------------------------
     0 | D:1      | bmack86 the Minotaur Fighter began the quest for the Orb.
     0 | D:1      | Reached XP level 1. HP: 19/19 MP: 0/0
    98 | D:1      | Reached skill level 3 in Axes
   124 | D:1      | Reached XP level 2. HP: 25/26 MP: 1/1
   419 | D:1      | Reached skill level 4 in Axes
   810 | D:2      | Reached XP level 3. HP: 31/31 MP: 2/2
   979 | D:2      | Found a bloodstained altar of Trog.
   989 | D:2      | Became a worshipper of Trog the Wrathful
  1221 | D:2      | Reached skill level 5 in Axes
  1255 | D:2      | Identified the +2 cloak "Bigg" {Rampage +Inv rC- rN++}
  1261 | D:2      | Reached XP level 4. HP: 39/39 MP: 3/3
  1308 | D:2      | Found a runed translucent door.
  1309 | D:2      | Noticed Crazy Yiuf
  1800 | D:3      | Noticed Sigmund
  1804 | D:3      | Killed Sigmund
  1805 | D:3      | Reached skill level 7 in Axes
  1805 | D:3      | Reached XP level 5. HP: 36/45 MP: 4/4
  1805 | D:3      | Reached * piety under Trog
  1836 | D:3      | Found a glowing drain.
  1857 | Sewer    | Entered a sewer
  1915 | Sewer    | Reached skill level 8 in Axes
  1915 | Sewer    | Reached XP level 6. HP: 49/51 MP: 5/5
  2458 | D:3      | Found an ornate altar of the Wu Jian Council.
  2539 | D:3      | Reached ** piety under Trog
  2642 | D:3      | Reached skill level 9 in Axes
  3058 | D:3      | Reached XP level 7. HP: 57/57 MP: 6/6
  3293 | D:4      | Noticed Natasha
  3297 | D:4      | Killed Natasha
  3324 | D:4      | Reached skill level 10 in Axes
  3433 | D:4      | Noticed Natasha
  3445 | D:4      | Killed Natasha
  3611 | D:4      | Noticed Natasha
  3619 | D:4      | Killed Natasha
  3683 | D:4      | Noticed Duvessa
  3683 | D:4      | Noticed Dowan
  3690 | D:4      | Killed Dowan
  3700 | D:4      | Killed Duvessa
  3902 | D:4      | Reached *** piety under Trog
  3908 | D:4      | Found an opulent altar of Gozag.
  4149 | D:4      | Found a snail-covered altar of Cheibriados.
  4229 | D:5      | Entered Level 5 of the Dungeon
  4283 | D:5      | Reached skill level 11 in Axes
  4333 | D:5      | Noticed Edmund
  4345 | D:5      | Killed Edmund
  4346 | D:5      | Reached XP level 8. HP: 64/64 MP: 7/7
  4434 | D:5      | Found a staircase to the Ecumenical Temple.
  4443 | D:5      | Reached skill level 12 in Axes
  4461 | Temple   | Entered the Ecumenical Temple
  4837 | D:5      | Noticed Menkaure
  4845 | D:5      | Killed Menkaure
  4846 | D:5      | Reached skill level 13 in Axes
  5026 | D:6      | Found a radiant altar of Vehumet.
  5183 | D:6      | Reached **** piety under Trog
  5200 | D:6      | You fall into a shaft and drop 2 floors!
  5210 | D:8      | Noticed Psyche
  5211 | D:8      | Reached skill level 14 in Axes
  5211 | D:8      | Reached XP level 9. HP: 70/70 MP: 8/8
  5218 | D:8      | Noticed Maurice
  5234 | D:8      | Killed from afar by Maurice

Illustrated notes

Levels and vault maps discovered:
D:1:      giann_horns, layout_loops_ring, amcnicky_mini_pool_small
D:2:      layout_loops_corners, basic_altar, uniq_crazy_yiuf_cottage
D:3:      minmay_skewed_foursquare, layout_loops_ring, nzn_wu_jian_council_hall,
          portal_sewer_entry_d, minmay_pentangle, uniq_sigmund
D:4:      cheibrodos_helix_gallery, layout_cave_pools, cheibrodos_worm_habitat,
          mainiacjoe_overflow_surrounded_room, minmay_fractal_squares_gapless_5,
          uniq_duvessa, uniq_natasha
D:5:      layout_basic, minmay_temple_entry_overgrown, uniq_menkaure,
          uniq_edmund
D:6:      layout_rooms, fiery_altar_vehumet
D:8:      layout_rooms, uniq_psyche, uniq_maurice
Temple:   compressed_dpeg_circular_temple

Skill      XL: |  1  2  3  4  5  6  7  8 |
---------------+-------------------------+-----
Axes           | 3 4 5 7 8 9 11 14 | 14.0
Fighting       | |  3.7
Armour         | |  3.6
Shields        | |  3.6

Action                     |  1- 3 |  4- 6 |  7- 9 || total
---------------------------+-------+-------+-------++-------
  Melee: War axe           |    71 |   130 |   182 ||   383
         Headbutt          |     8 |    15 |    23 ||    46
  Throw: Dart              |       |     7 |       ||     7
 Invoke: Berserk           |       |       |     2 ||     2
    Use: Scroll            |       |     2 |    16 ||    18
         Potion            |       |       |     1 ||     1
 Armour: Scale mail        |    49 |    58 |    20 ||   127
         Chain mail        |       |       |    32 ||    32
  Dodge: Dodged            |    45 |    39 |    75 ||   159
  Block: Buckler           |    16 |    42 |    68 ||   126
         Reflection        |       |       |     2 ||     2

Table legend: (Time is in decaauts)
 A = Elapsed time spent in this place.
 B = Non-inter-level travel time spent in this place.
 C = Inter-level travel time spent in this place.
 D = Time resting spent in this place.
 E = Time spent auto-exploring this place.
 F = Levels seen in this place.
 G = Mean time per level.
                   A        B        C        D        E       F      G
               +--------+--------+--------+--------+--------+-----+--------+
         Total |   5431 |   5240 |    191 |    140 |   3399 |   9 |  603.4 |
       Dungeon |   4596 |   4442 |    154 |    140 |   2844 |   7 |  656.6 |
        Temple |    131 |     94 |     37 |      0 |     80 |   1 |  131.0 |
         Sewer |    702 |    702 |      0 |      0 |    474 |   1 |  702.0 |
               +--------+--------+--------+--------+--------+-----+--------+

Top non-repeatable levels by time:
     D:2: 1040 daAuts
     D:3: 1000 daAuts
     D:4: 968 daAuts
     D:1: 725 daAuts
   Sewer: 702 daAuts
     D:5: 596 daAuts
     D:6: 233 daAuts
  Temple: 131 daAuts
     D:8: 32 daAuts
